 Dungeon Crawl Stone Soup version 0.22.1-2-g9c5b331 (webtiles) character file.

260 redwoodhats the Chucker (level 6, -8/41 HPs)
             Began as an Octopode Hunter on Dec 3, 2018.
             Was an Initiate of Dithmenos.
             Mangled by Sigmund
             ... wielding a +6 scythe of protection
              (11 damage)
             ... on level 4 of the Dungeon.
             The game lasted 00:25:09 (3648 turns).

redwoodhats the Chucker (Octopode Hunter)           Turns: 3648, Time: 00:25:10

Health: -8/41      AC:  8    Str: 12 (15) XL:     6   Next: 17%
Magic:  6/6        EV: 13    Int: 11 (14) God:    Dithmenos [......]
Gold:   126        SH:  2    Dex: 11 (12) Spells: 5/5 levels left

rFire    x . .     SeeInvis .   s - +2 dagger (protect)
rCold    + . .     Gourm    .   (no shield)
rNeg     . . .     Faith    .   (helmet restricted)
rPois    .         Spirit   .   m - +2 amulet of reflection
rElec    .         Reflect  +   f - ring of ice
rCorr    .         Harm     .   (no ring)
MR       .....                  (no ring)
Stlth    +++.......             (no ring)
HPRegen  0.00/turn              (no ring)
MPRegen  0.10/turn              (no ring)
                                (no ring)
                                (no ring)

@: protection aura
A: almost no armour, stealthy swim, amphibious, 8 rings, constrict 8, camouflage
1, inhibited regeneration, strong 1, gelatinous body 1
a: Renounce Religion


You were on level 4 of the Dungeon.
You worshipped Dithmenos.
Dithmenos was noncommittal.
You were not hungry.

You visited 1 branch of the dungeon, and saw 4 of its levels.

You collected 126 gold pieces.

Inventory:

Hand Weapons
 a - a +1 short sword
 o - a +0 hunting sling
 s - a +2 dagger of protection (weapon)
 v - a +0 blowgun
 D - a +0 whip of draining
Missiles
 b - a throwing net
 i - 4 tomahawks
 w - 22 poisoned needles
 A - 2 silver tomahawks
 B - a javelin (quivered)
Armour
 k - a +1 scale mail of poison resistance
 x - a +0 cloak
 y - a scarf of resistance
Jewellery
 e - an uncursed amulet of guardian spirit
 f - a ring of ice (left tentacle)
 l - a cursed ring of teleportation
 m - a +2 amulet of reflection (around mantle)
Scrolls
 g - a scroll of magic mapping
 j - 2 scrolls of remove curse
 p - 2 scrolls of teleportation
 q - a scroll of enchant weapon
 C - a scroll of blinking
Potions
 n - a potion of curing
 t - a potion of mutation
 F - a potion of might
Comestibles
 d - 5 rations


   Skills:
 + Level 2.7 Fighting
 + Level 2.1 Short Blades
 + Level 5.6 Throwing
 + Level 2.4 Dodging
 + Level 4.0 Stealth


You had 5 spell levels left.
You didn't know any spells.
Your spell library was empty.

Dungeon Overview and Level Annotations

Branches:
Dungeon (4/15)
 Temple: D:4-7

Altars:
Dithmenos
Nemelex Xobeh
Xom

Annotations:
D:4 Sigmund


Innate Abilities, Weirdness & Mutations

You cannot wear most types of armour.
You are very stealthy in the water. (Stealth+)
You are amphibious.
You can wear up to eight rings at the same time.
You can use your tentacles to constrict eight enemies at once.
Your skin changes colour to match your surroundings (Stealth+).
Your rubbery body absorbs attacks. (AC +1, EV +1)
You do not regenerate when monsters are visible.
Your muscles are strong. (Str +2)


Message History

Sigmund laughs darkly.
Things that are here:
a club; an orc corpse
Things that are here:
a falchion; a leather armour; an orc corpse Sigmund laughs darkly.
Sigmund gestures wildly while chanting.
Sigmund flickers and vanishes!
Deactivating autopickup; reactivate with Ctrl-A.
Things that are here:
a hand axe; a ring mail Throwing (i - inventory. (/) - cycle)
B - a javelin (quivered)
Press: ? - help, Shift-Dir - straight line, f - you
Okay, then.
Something hits you!
* * * LOW HITPOINT WARNING * * *
You hit something.
Your weapon exudes an aura of protection.
Something hits you!
You die...

...#.# # ...#.#
...#.# ####.#
#.# #)# #)#
#.##############
#...)......{.@.#
##############.#
#...<.......#.#
#.##.######.#.#
#.##........#.#
#.###########.#
#.............#
#############.#
###


There were no monsters in sight!

Vanquished Creatures
  An orc wizard (D:3)
  2 orc priests (D:3)
  3 adders
  3 gnolls (D:3)
  2 worms
  3 dart slugs
  A leopard gecko (D:2)
  14 orcs
  A ball python (D:2)
  2 giant cockroaches
  10 goblins
  11 hobgoblins
  8 jackals
  2 quokkas
  6 bats
  6 frilled lizards
  9 kobolds
  4 rats
  2 plants (D:2)
90 creatures vanquished.

Notes
Turn   | Place    | Note
-------+----------+-------------------------------------------
     0 | D:1      | redwoodhats the Octopode Hunter began the quest for the
                  | Orb.
     0 | D:1      | Reached XP level 1. HP: 14/14 MP: 1/1
    81 | D:1      | Reached XP level 2. HP: 19/19 MP: 2/2
   390 | D:1      | Reached XP level 3. HP: 24/24 MP: 3/3
  1056 | D:2      | Reached skill level 1 in Short Blades
  1056 | D:2      | Reached XP level 4. HP: 14/30 MP: 4/4
  1103 | D:2      | Reached skill level 5 in Throwing
  2327 | D:3      | Reached XP level 5. HP: 32/35 MP: 5/5
  2870 | D:3      | Found a shadowy altar of Dithmenos.
  2885 | D:3      | Became a worshipper of Dithmenos the Shadowed
  2934 | D:3      | Reached XP level 6. HP: 41/41 MP: 6/6
  2945 | D:3      | Found a shimmering altar of Xom.
  3408 | D:3      | Gained mutation: You do not regenerate when monsters are
                  | visible. [potion of mutation]
  3408 | D:3      | Gained mutation: Your system is resistant to poisons.
                  | (rPois) [potion of mutation]
  3408 | D:3      | Lost mutation: Your system is resistant to poisons. (rPois)
                  | [potion of mutation]
  3408 | D:3      | Gained mutation: Your muscles are strong. (Str +2) [potion
                  | of mutation]
  3562 | D:4      | Found a sparkling altar of Nemelex Xobeh.
  3563 | D:4      | Noticed Sigmund
  3648 | D:4      | Mangled by Sigmund

Skill      XL: |  1  2  3  4  5  6 |
---------------+-------------------+-----
Stealth        | 2 3 4 |  4.0
Short Blades   | 1 2 |  2.1
Throwing       | 5 |  5.6
Fighting       | |  2.7
Dodging        | |  2.4

Action                   |  1- 3 |  4- 6 || total
-------------------------+-------+-------++-------
Melee: Short sword       |    56 |    77 ||   133
       Constrict         |    16 |    18 ||    34
       Tentacles         |     5 |    19 ||    24
       Dagger            |       |     6 ||     6
       Whip              |       |     5 ||     5
Throw: Javelin           |    32 |    26 ||    58
       Throwing net      |     1 |     2 ||     3
       Tomahawk          |       |    14 ||    14
  Use: Scroll            |     3 |     5 ||     8
       Potion            |     2 |     8 ||    10
 Stab: Sleeping          |     1 |     6 ||     7
  Eat: Ration            |       |     3 ||     3
Armor: Skin              |     3 |     1 ||     4
Dodge: Dodged            |    30 |    50 ||    80
Block: Other             |     1 |     2 ||     3
